 Dungeon Crawl Stone Soup version 0.30-b1-2-g02819fbbbe (webtiles) character file.

Game seed: 18233025549688650333

49 ketsa the Shield-Bearer (level 4, -5/35 HPs)
             Began as a Formicid Fighter on May 31, 2023.
             Killed from afar by Ijyb (8 damage)
             ... with a puff of flame
             ... on level 2 of the Dungeon.
             The game lasted 00:03:35 (1179 turns).

ketsa the Shield-Bearer (Formicid Fighter)          Turns: 1179, Time: 00:03:35

Health: -5/35      AC:  6    Str: 22    XL:     4   Next: 2%
Magic:  4/4        EV:  6    Int:  8    God:
Gold:   30         SH:  5    Dex: 13    Spells: 3/3 levels left

rFire   . . .        a - +0 flail
rCold   . . .        c - +0 buckler
rNeg    . . .        b - +0 scale mail
rPois   .            (helmet unavailable)
rElec   .            (no cloak)
rCorr   .            (no gloves)
SInv    +            (no boots)
Will    .....        (no amulet) Stlth
                     (no ring)
HPRegen 0.25/turn    (no ring)
MPRegen 0.09/turn

%: no passive effects
@: mighty, brilliant, constricted
A: permanent stasis, dig shafts and tunnels, antennae 3, four strong arms
a: Dig, Shaft Self


You were on level 2 of the Dungeon.
You visited 1 branch of the dungeon, and saw 2 of its levels.

You collected 30 gold pieces.

Inventory:

Hand Weapons
 a - a +0 flail (weapon)
Missiles
 i - 2 poisoned darts
Armour
 b - a +0 scale mail (worn)
 c - a +0 buckler (worn)
 h - a +0 scale mail
 l - a +0 plate armour
 n - a +0 helmet
Scrolls
 e - a scroll of amnesia {unknown}
 f - a scroll of enchant armour {unknown}
 g - a scroll of identify {unknown}
 j - a scroll of magic mapping {unknown}
 m - a scroll of enchant weapon {unknown}


   Skills:
 - Level 3.2 Fighting
 * Level 3.4 Maces & Flails
 - Level 3.2 Armour
 + Level 4.7 Shields


You had 3 spell levels left.
You didn't know any spells.
Your spell library was empty.

Dungeon Overview and Level Annotations

Branches:
Dungeon (2/15) Zot: 10780

Altars:

Annotations:
D:2 Ijyb


Innate Abilities, Weirdness & Mutations

You cannot be hasted, slowed, berserked, paralysed or teleported.
You can dig through walls and to a lower floor.
You have a pair of large antennae on your head. (SInv)
Your four strong arms can wield two-handed weapons with a shield.


Message History

You escape the ball python's grasp.
Ijyb zaps a wand.
The puff of flame hits you!
The ball python attacks as you move away!
The ball python bites you.
* * * LOW HITPOINT WARNING * * *
The ball python barely misses you.
The ball python attacks as you move away!
The ball python barely misses you. You block the ball python's attack. x2
There is a stone staircase leading up here.
The ball python closely misses you. The ball python grabs you.
You stop ascending the stairs.
The ball python constricts you.
You hit the ball python.
The ball python is moderately wounded.
The ball python bites you but does no damage.
The ball python constricts you. The ball python barely misses you.
The ball python constricts you.
Ijyb screams, "Die!"
You aren't carrying any items that you can evoke.
You feel very mighty all of a sudden. The ball python bites you.
* * * LOW HITPOINT WARNING * * *
The ball python constricts you.
* * * LOW HITPOINT WARNING * * *
It was a potion of brilliance.
You feel clever all of a sudden. You block the ball python's attack.
The ball python constricts you. Ijyb hits you with a +5 club.
* * * LOW HITPOINT WARNING * * *
You sock Ijyb!
Ijyb is almost dead.
The ball python bites you but does no damage.
The ball python constricts you.
Ijyb zaps a wand.
The puff of flame hits you.
* * * LOW HITPOINT WARNING * * *
The ball python barely misses you. The ball python constricts you.
You closely miss Ijyb.
Ijyb is almost dead.
The ball python closely misses you. The ball python constricts you.
Ijyb zaps a wand.
The puff of flame hits you!
You die...

###.#.# #.# #..... #...###
#.# #..... ##....# #.#
#..... #....####.## #.....
##.#.......##########.....
#...###.................)
##..# ##.########.#######
......##Sg.#####..# ###
#.##.....@.....#<.## #..
#) ###...........#######.#
# ####................#
##.....†..########
##8...).8# #.......# .# {
#8.....8# ... #.......#
....# #8.....8# ....


You could see Ijyb and a ball python.

Vanquished Creatures
  4 ball pythons
  4 bats (D:1)
  3 endoplasms
  2 giant cockroaches (D:1)
  8 goblins
  2 hobgoblins
  10 jackals (D:2)
  3 quokkas (D:1)
  A frilled lizard (D:1)
  5 kobolds (D:1)
42 creatures vanquished.

Notes
Turn   | Place    | Note
-------+----------+-------------------------------------------
     0 | D:1      | ketsa the Formicid Fighter began the quest for the Orb.
     0 | D:1      | Reached XP level 1. HP: 18/18 MP: 1/1
   151 | D:1      | Reached XP level 2. HP: 24/24 MP: 2/2
   422 | D:1      | Found a faded altar of an unknown god.
   720 | D:1      | Reached XP level 3. HP: 29/29 MP: 3/3
  1089 | D:2      | Reached XP level 4. HP: 26/35 MP: 4/4
  1150 | D:2      | Noticed Ijyb
  1179 | D:2      | Killed from afar by Ijyb

Illustrated notes

Levels and vault maps discovered:
D:1:      dpeg_arrival_more_subterranean_lakeside_camping, layout_basic,
          basic_ecumenical_altar
D:2:      kennysheep_the_goblin_king, layout_rooms, dk_vineyard_3, uniq_terence

Skill      XL: |  1  2  3 |
---------------+----------+-----
Maces & Flails | 3 |  3.4
Fighting       | |  3.2
Armour         | |  3.2
Shields        | |  4.7

Action                     |  1- 3 |  4- 6 || total
---------------------------+-------+-------++-------
  Melee: Flail             |   123 |     8 ||   131
    Use: Potion            |       |     2 ||     2
 Armour: Scale mail        |    78 |     2 ||    80
  Dodge: Dodged            |    62 |    12 ||    74
  Block: Buckler           |    40 |     4 ||    44
